 Dungeon Crawl Stone Soup version 0.28-a0-1184-g53156a8862 (webtiles) character file.

Game seed: 6480779120276185561

214 ytrimaz the Insei (level 5, -2/37 HPs)
             Began as an Octopode Transmuter on Dec 17, 2021.
             Slain by an ogre (25 damage)
             ... on level 4 of the Dungeon.
             The game lasted 00:05:04 (4117 turns).

ytrimaz the Insei (Octopode Transmuter)             Turns: 4117, Time: 00:05:05

Health: -2/37      AC:  2    Str:  9    XL:     5   Next: 91%
Magic:  6/9        EV: 20    Int: 26    God:
Gold:   118        SH:  0    Dex: 17    Spells: 4/10 levels left

rFire   . . .      SeeInvis .     - Unarmed
rCold   . . .      Faith    .   (shield currently unavailable)
rNeg    + . .      Spirit   .   (helmet currently unavailable)
rPois   x          Reflect  .   (no amulet)
rElec   .          Harm     .   a - ring of positive energy
rCorr   .          Rampage  .   b - +6 ring of intelligence
Will    .....                   (no ring)
Stlth   ++........              (no ring)
HPRegen 0.12/turn               (no ring)
MPRegen 0.11/turn               (no ring)
                                (no ring)
                                (no ring)

@: spider-form
A: venomous fangs, almost no armour, (amphibious), 8 rings, tiny, (camouflage
1), (gelatinous body 1), (nimble swimmer 1), (tentacles), (tentacle spike 1),
clever 1, (poison resistance), robust 1
a: End Transformation


You were on level 4 of the Dungeon.
You were a venomous arachnid creature.
You visited 1 branch of the dungeon, and saw 4 of its levels.

You collected 118 gold pieces.

Inventory:

Jewellery
 a - a ring of positive energy (left front leg)
 b - a +6 ring of intelligence (right front leg)
Wands
 g - a wand of flame (30)
Potions
 c - a potion of flight {unknown}
 d - 2 potions of attraction {unknown}
 e - a potion of curing {unknown}
 f - a potion of haste {unknown}
 h - a potion of degeneration {unknown}


   Skills:
 * Level 2.0 Fighting
 * Level 3.3 Dodging
 + Level 3.9 Unarmed Combat
 * Level 3.1 Spellcasting
 * Level 3.0 Transmutations


You had 4 spell levels left.
You knew the following spells:

 Your Spells              Type           Power      Damage    Failure   Level
a - Beastly Appendage     Tmut           40%        N/A       10%         1
b - Wereblood             Tmut           20%        N/A       13%         2
c - Spider Form           Tmut/Pois      12%        N/A       34%         3

Your spell library contained the following spells:

 Spells                   Type           Power      Damage    Failure   Level
 Call Canine Familiar     Summ           4%         N/A       50%         3
 Portal Projectile        Hex/Tloc       8%         N/A       50%         3
 Ice Form                 Ice/Tmut       12%        N/A       67%         4
 Leda's Liquefaction      Hex/Erth       2%         N/A       85%         4
 Blade Hands              Tmut           10%        N/A       78%         5
 Excruciating Wounds      Necr           2%         N/A       99%         5


Dungeon Overview and Level Annotations

Branches:
Dungeon (4/15)
 Temple: D:4-7

Altars:
Dithmenos
Qazlal

Shops:
D:2 =   D:4 *


Innate Abilities, Weirdness & Mutations

You are a venomous arachnid creature.
You have poisonous fangs.
You are tiny and dextrous.
Your spellcasting is less reliable in this form.
Your armour is entirely melded.
You are incapable of wielding weapons or throwing items.
You cannot wear most types of armour.
((You are amphibious.))
You can wear up to eight rings at the same time.
((Your skin changes colour to match your surroundings (Stealth+).))
((Your rubbery body absorbs attacks. (AC +1, EV +1)))
((You are camouflaged near water. (Stealth+)))
((You have tentacles for arms and can constrict up to eight enemies at once.))
((One of your tentacles bears a spike.))
Your mind is acute. (Int +2)
((Your system is resistant to poisons. (rPois)))
You are robust. (+10% HP)


Message History

There is an entrance to Vuexit's Neck Hole here.
i - a scroll labelled NAH YZOGOMA
There is a fountain of clear blue water here.
A hobgoblin comes into view.
A hobgoblin is nearby!
A hobgoblin is nearby!
As you read the scroll labelled NAH YZOGOMA, it crumbles to dust.
The creatures around you are filled with an inner flame!
It was a scroll of immolation.
Unknown command.
Really wriggle into that teleport trap?
You enter a teleport trap!
The teleport trap disappears.
Your surroundings suddenly seem different.
Unknown command.
Found 27 stones and a buckler.
A black bear and an ogre come into view.
The ogre shouts!
There are monsters nearby!
There are monsters nearby!
Unknown command.
Casting: Spider Form (quite dangerous; 16% risk of failure)
Confirm with . or Enter, or press ? or * to list all spells.
The spell is quite dangerous to miscast (16% risk of failure)!
Continue anyway?
Okay, then.
The ogre shouts!
Casting: Spider Form (quite dangerous; 16% risk of failure)
Confirm with . or Enter, or press ? or * to list all spells.
The spell is quite dangerous to miscast (16% risk of failure)!
Continue anyway?
You turn into a venomous arachnid creature.
Unknown command.
The ogre hits you with a +0 giant club!
There is a stone staircase leading down here.
You hit the ogre but do no damage. The ogre completely misses you.
You hit the ogre but do no damage.
The ogre is poisoned.
Unknown command.
You bite the ogre!
The ogre looks as sick as possible!
The ogre is moderately wounded.
The ogre hits you with a +0 giant club!!
Ouch! That really hurt!
You die...

#.....#....#.. ..
##.#...(....h.. .....#
............... ♣......#
#..#....##
........####.###....#
...........#.##....##
..##..##..........##
..#....>.#......O.#######
....##.#........s.......#
.....#.#####.#...########
..##...####..###...###
.............# ###...##
##...#####..## ##...#
#...#..# #.## ###...##
.###...# #.#####...###
..∩....###...#...###
.###........####.(.###


You could see an ogre (extremely poisoned).

Vanquished Creatures
  2 orc priests (D:3)
  An orc wizard (D:3)
  4 adders
  A worm (D:2)
  2 dart slugs
  14 orcs
  6 ball pythons
  7 endoplasms
  6 giant cockroaches
  4 goblins
  3 hobgoblins (D:1)
  3 kobolds
  2 quokkas
  9 bats
  6 frilled lizards
  6 rats
  A spectral kobold (D:1)
77 creatures vanquished.

Notes
Turn   | Place    | Note
-------+----------+-------------------------------------------
     0 | D:1      | ytrimaz the Octopode Transmuter began the quest for the
                  | Orb.
     0 | D:1      | Reached XP level 1. HP: 13/13 MP: 3/3
   202 | D:1      | Reached XP level 2. HP: 18/18 MP: 5/5
   214 | D:1      | Learned a level 2 spell: Wereblood
   614 | D:1      | Reached XP level 3. HP: 21/23 MP: 4/6
   618 | D:1      | Learned a level 3 spell: Spider Form
   904 | D:1      | Found a faded altar of an unknown god.
  1703 | D:2      | Found a shadowy altar of Dithmenos.
  1735 | D:2      | Reached XP level 4. HP: 18/28 MP: 7/7
  1983 | D:2      | Found Piap's Jewellery Shoppe.
  2753 | D:3      | Gained mutation: You tend to lose your temper in combat.
                  | [potion of mutation]
  2753 | D:3      | Gained mutation: You sometimes lose the ability to read
                  | scrolls when taking damage. [potion of mutation]
  2753 | D:3      | Gained mutation: You are robust. (+10% HP) [potion of
                  | mutation]
  2759 | D:3      | Reached XP level 5. HP: 30/37 MP: 7/9
  2761 | D:3      | Lost mutation: You tend to lose your temper in combat.
                  | [potion of mutation]
  2761 | D:3      | Lost mutation: You sometimes lose the ability to read
                  | scrolls when taking damage. [potion of mutation]
  2761 | D:3      | Gained mutation: Your system is resistant to poisons.
                  | (rPois) [potion of mutation]
  2761 | D:3      | Gained mutation: Your mind is acute. (Int +2) [potion of
                  | mutation]
  2761 | D:3      | Gained mutation: One of your tentacles bears a spike.
                  | [potion of mutation]
  3508 | D:3      | Found a stormy altar of Qazlal.
  4054 | D:4      | Found Vuexit's Neck Hole.
  4099 | D:4      | Noticed an ogre
  4099 | D:4      | Noticed a black bear
  4117 | D:4      | Slain by an ogre

Illustrated notes

Levels and vault maps discovered:
D:1:      dpeg_arrival_stonehenge_8_columns, layout_basic,
          dreamdust_ecumenical_altar_drowned_temple
D:2:      layout_basic, serial_shops, shop, basic_altar
D:3:      layout_basic, old_standard_altar, chequers_serial_rivers_micro_b,
          minmay_between
D:4:      layout_rooms, serial_curves, eino_curves_03, eino_curves_02,
          kennysheep_decorative_pillar, minmay_strange_pillars,
          skrybe_limestone_x, nicolae_shop_sticking_my_neck_out

Skill      XL: |  1  2  3  4  5 |
---------------+----------------+-----
Fighting       | 2 |  2.0
Spellcasting   | 3 |  3.1
Transmutations | 3 |  3.0
Dodging        | 3 |  3.3
Unarmed Combat | |  3.9

Action                   |  1- 3 |  4- 6 || total
-------------------------+-------+-------++-------
Melee: Unarmed           |    74 |    93 ||   167
       Constrict         |    17 |    26 ||    43
       Kick              |     7 |    15 ||    22
       Tentacles         |    10 |     8 ||    18
       Punch             |       |     4 ||     4
 Cast: Beastly Appendage |    14 |    12 ||    26
       Spider Form       |       |     2 ||     2
       Wereblood         |       |     1 ||     1
  Use: Scroll            |     3 |     4 ||     7
       Potion            |       |     6 ||     6
 Stab: Sleeping          |     6 |     8 ||    14
Armor: Skin              |    12 |    16 ||    28
Dodge: Dodged            |    53 |    71 ||   124

Table legend: (Time is in decaauts)
 A = Elapsed time spent in this place.
 B = Non-inter-level travel time spent in this place.
 C = Inter-level travel time spent in this place.
 D = Time resting spent in this place.
 E = Time spent auto-exploring this place.
 F = Levels seen in this place.
 G = Mean time per level.
                   A        B        C        D        E       F      G
               +--------+--------+--------+--------+--------+-----+--------+
         Total |   4106 |   4045 |     61 |    230 |   3135 |   4 | 1026.5 |
       Dungeon |   4106 |   4045 |     61 |    230 |   3135 |   4 | 1026.5 |
               +--------+--------+--------+--------+--------+-----+--------+

Top non-repeatable levels by time:
     D:1: 1387 daAuts
     D:3: 1359 daAuts
     D:2: 1196 daAuts
     D:4: 162 daAuts
